 Dungeon Crawl Stone Soup version 0.19-a0-49-gb8736b8 (webtiles) character file.

822 Mefis the Magician (level 7, 0/36 HPs)
             Began as a Deep Elf Wizard on May 6, 2016.
             Shot with an arrow by a centaur (12 damage)
             ... on level 6 of the Dungeon.
             The game lasted 00:22:06 (5475 turns).

Mefis the Magician (Deep Elf Wizard)                Turns: 5475, Time: 00:22:06

Health: 0/36       AC:  4    Str:  4    XL:     7   Next: 63%
Magic:  18/18      EV: 15    Int: 25    God:
Gold:   271        SH:  0    Dex: 13    Spells: 7 memorised, 3 levels left

rFire  . . .     SeeInvis .     j - +2 dagger (vamp)
rCold  . . .     Gourm    .     r - +1 robe
rNeg   . . .     Faith    .     (no shield)
rPois  .         Spirit   .     b - +0 hat
rElec  .         Dismiss  .     (no cloak)
rCorr  .         Reflect  .     v - +0 pair of gloves (curse)
SustAt .         Harm     .     (no boots)
MR     .....                    t - amulet of magic regeneration
Stlth  +++.......               I - ring of wizardry
                                H - +1 ring of evasion

@: not resistant to hostile enchantments, fairly stealthy
A: no striking features
a: no special abilities


You were on level 6 of the Dungeon.
You were not hungry.

You visited 1 branch of the dungeon, and saw 6 of its levels.

You collected 271 gold pieces.

Inventory:

Hand Weapons
 g - a +0 short sword
 j - a +2 vampiric dagger (weapon)
 C - a +0 blowgun
Missiles
 x - 56 arrows
 B - 15 poisoned needles
 G - 2 tomahawks (quivered)
Armour
 a - a +0 robe
 b - a +0 hat (worn)
 r - a +1 robe (worn)
 v - a cursed +0 pair of gloves (worn)
Jewellery
 f - an uncursed amulet of guardian spirit
 p - an uncursed amulet of harm
 t - an amulet of magic regeneration (around neck)
 H - a +1 ring of evasion (left hand)
 I - a ring of wizardry (right hand)
 L - an uncursed ring of resist corrosion
Wands
 q - a wand of polymorph (13/24)
Scrolls
 d - 2 scrolls of remove curse
 i - a scroll of recharging {unknown}
 l - 3 scrolls of random uselessness {unknown}
 m - 4 scrolls of identify
 n - a scroll of enchant weapon {unknown}
 w - a scroll of noise {unknown}
 y - 3 scrolls of fog {unknown}
 A - a scroll of immolation {unknown}
 E - a scroll of teleportation {unknown}
 K - a scroll of amnesia {unknown}
 N - a scroll of fear {unknown}
Potions
 e - a potion of might {unknown}
 h - 6 potions of heal wounds
 k - 2 potions of mutation {unknown}
 o - 2 potions of lignification {unknown}
 F - a potion of berserk rage {unknown}
 J - a potion of brilliance {unknown}
 M - a potion of degeneration {unknown}
 P - a potion of flight {unknown}
Books
 c - a book of Minor Magic

   Spells                             Type                      Level
   a - Magic Dart                     Conjuration                  1
   b - Blink                          Translocation                2
   c - Call Imp                       Summoning                    2
   d - Repel Missiles                 Charms/Air                   2
   e - Slow                           Hexes                        2
   f - Conjure Flame                  Conjuration/Fire             3
   g - Mephitic Cloud                 Conjuration/Poison/Air       3
 O - a book of Fire

   Spells                             Type                      Level
   a - Ignite Poison                  Fire/Transmutation/Poison    3
   b - Fireball                       Conjuration/Fire             5
   c - Bolt of Fire                   Conjuration/Fire             6
   d - Delayed Fireball               Conjuration/Fire             7
   e - Ring of Flames                 Charms/Fire                  7
Miscellaneous
 u - a plain deck of summoning
Comestibles
 s - 7 fruits
 z - 2 bread rations
 D - 3 beef jerkies


   Skills:
 * Level 5.4 Dodging
 * Level 6.0 Stealth
 + Level 6.1 Spellcasting
 + Level 3.5 Conjurations
 + Level 1.1 Hexes
 + Level 1.7 Charms
 + Level 3.3 Summonings
 - Level 1.1 Translocations
 + Level 2.0 Poison Magic


You had 3 spell levels left.
You knew the following spells:

 Your Spells              Type           Power        Failure   Level  Hunger
a - Magic Dart            Conj           ####         1%          1    None
b - Call Imp              Summ           ###.....     1%          2    None
c - Blink                 Tloc           N/A          4%          2    None
d - Repel Missiles        Chrm/Air       ##....       4%          2    None
e - Mephitic Cloud        Conj/Pois/Air  ###.....     4%          3    None
f - Conjure Flame         Conj/Fire      ###.....     4%          3    None
g - Slow                  Hex            ##......     4%          2    None


Dungeon Overview and Level Annotations

Branches:
Dungeon (6/15)
 Temple: D:4-7

Altars:
Cheibriados
Dithmenos
Gozag
Nemelex Xobeh
Okawaru
Yredelemnul
The Shining One


Message History

The orc wizard shouts!
The centaur wields a shortbow.
The centaur shoots an arrow.
The arrow misses you.
An orc comes into view. It is wielding a falchion.
Your crimson imp disappears in a puff of smoke!
The centaur shoots an arrow.
The arrow completely misses you.
The centaur shoots an arrow.
The arrow is repelled.
You feel less protected from missiles.
You see here an arrow.
The centaur shoots an arrow.
The arrow hits you!
You hear a shout!
You see here an arrow.
The centaur shoots an arrow.
The arrow misses you.
You hear a shout!
The centaur shoots an arrow.
The arrow hits you!
You see here an arrow.
Found a spear.
The centaur shoots an arrow.
The arrow completely misses you.
The centaur shoots an arrow.
The arrow hits you!
You die... #...###.### #..##...## #. #.......## ##... ##........##.... #............# ...... #..........####........ #......<...# ....... o #.>.......(#### ..ooo

. #....(..@.....## ... #
##...r....##...###.# #
#........##.#...#.#### #
#.[.......c#.###......###
#...........(.(.(..(.....
............#o.####..###..
##..........##.# ##(# ##.
..........##.# #.# #.
........###.# #.# ##


You could see a centaur, an orc wizard and a quokka (wandering).

Vanquished Creatures
  An ogre (D:6)
  A phantom (D:5)
  2 scorpions
  An orc priest (D:4)
  A giant frog skeleton (D:4)
  Jessica (D:2)
  A worker ant (D:4)
  4 gnolls (D:4)
  3 adders
  2 oozes
  2 worms
  4 dart slugs
  2 giant geckos
  10 orcs
  2 ball pythons
  11 bats
  4 giant cockroaches
  4 goblins
  8 hobgoblins
  12 jackals
  8 kobolds
  A quokka (D:4)
  A giant gecko skeleton (D:5)
  5 giant newts
  7 rats
98 creatures vanquished.

Vanquished Creatures (collateral kills)
  An ice beast (D:5)
  A sky beast (D:4)
  A giant frog (D:6)
  3 orc wizards (D:4)
  A worker ant (D:6)
  An adder (D:3)
  A worm (D:4)
  2 dart slugs
  A giant gecko (D:3)
  5 orcs
  A giant newt (D:4)
  A rat (D:3)
19 creatures vanquished.

Grand Total: 117 creatures vanquished

Notes
Turn   | Place    | Note
--------------------------------------------------------------
     0 | D:1      | Mefis the Deep Elf Wizard began the quest for the Orb.
     0 | D:1      | Reached XP level 1. HP: 10/10 MP: 7/7
   223 | D:1      | Reached XP level 2. HP: 15/15 MP: 0/9
   233 | D:1      | Learned a level 2 spell: Call Imp
   236 | D:1      | Learned a level 2 spell: Blink
   239 | D:1      | Learned a level 2 spell: Repel Missiles
   698 | D:1      | Reached XP level 3. HP: 19/19 MP: 3/11
   725 | D:1      | Reached skill level 5 in Spellcasting
  1304 | D:2      | Noticed Jessica
  1316 | D:2      | Killed Jessica
  1316 | D:2      | Reached XP level 4. HP: 15/24 MP: 3/13
  1820 | D:2      | Found a sparkling altar of Nemelex Xobeh.
  2148 | D:3      | Found an iron altar of Okawaru.
  2315 | D:3      | Learned a level 3 spell: Mephitic Cloud
  2319 | D:3      | Learned a level 3 spell: Conjure Flame
  2735 | D:3      | Reached XP level 5. HP: 28/28 MP: 12/14
  2752 | D:3      | Found a shadowy altar of Dithmenos.
  3446 | D:4      | Noticed a sky beast
  3465 | D:4      | Killed a sky beast
  3465 | D:4      | Reached XP level 6. HP: 26/32 MP: 2/16
  3590 | D:4      | Reached skill level 5 in Stealth
  4156 | D:4      | Reached skill level 1 in Poison Magic
  4345 | D:4      | Found a basalt altar of Yredelemnul.
  4348 | D:4      | Found a snail-covered altar of Cheibriados.
  4351 | D:4      | Found a glowing golden altar of the Shining One.
  4401 | D:4      | Found an opulent altar of Gozag.
  4422 | D:4      | Learned a level 2 spell: Slow
  4446 | D:5      | Entered Level 5 of the Dungeon
  4446 | D:5      | Noticed an ice beast
  4821 | D:5      | Killed an ice beast
  4821 | D:5      | Reached skill level 5 in Dodging
  4821 | D:5      | Reached XP level 7. HP: 36/36 MP: 11/17
  4881 | D:5      | Reached skill level 1 in Charms
  5163 | D:6      | Reached skill level 1 in Hexes
  5475 | D:6      | Shot with an arrow by a centaur

Vault maps used:
D:1:      lightli_arrival_quake
D:2:      grunt_ministairs_12, nemelex_deck, uniq_jessica
D:3:      grunt_dithmenos_smoke, okawaru_trees_2
D:4:      lemuel_crystal_altar, grunt_temple_overflow_diamond
D:5:      first_bread, glass_columns_b
D:6:      grunt_temple_overflow_open, basic_altar, enter_ossuary_1, st_stairs_1

Skill      XL: |  1  2  3  4  5  6  7 |
---------------+----------------------+-----
Stealth        | 3 4 5 6 |  6.0
Spellcasting   | 5 6 |  6.1
Dodging        | 3 4 5 |  5.4
Conjurations   | 2 3 |  3.5
Summonings     | 2 3 |  3.3
Poison Magic   | 1 2 |  2.0
Charms         | 1 |  1.7
Hexes          | 1 |  1.1
Translocations | |  1.1

Action                   |  1- 3 |  4- 6 |  7- 9 || total
-------------------------+-------+-------+-------++-------
Melee: Short sword       |    10 |       |       ||    10
       Dagger            |    18 |    95 |     7 ||   120
 Cast: Magic Dart        |    79 |   140 |    43 ||   262
       Repel Missiles    |     1 |       |       ||     1
       Call Imp          |     1 |    15 |     6 ||    22
       Blink             |       |     1 |       ||     1
       Mephitic Cloud    |       |     3 |     1 ||     4
  Use: Scroll            |       |     3 |       ||     3
       Potion            |       |     1 |       ||     1
 Stab: Sleeping          |       |     5 |     3 ||     8
       Distracted        |       |     1 |       ||     1
       Confused          |       |     2 |       ||     2
  Eat: Bread ration      |     1 |       |       ||     1
       Chunk             |     1 |     9 |       ||    10
       Meat ration       |       |     1 |       ||     1
Armor: Robe              |    10 |    44 |     2 ||    56
Dodge: Dodged            |    40 |   102 |    22 ||   164
       Deflected         |       |       |     1 ||     1
